 Dungeon Crawl Stone Soup version 0.30.0-18-gf1372a6a44 (webtiles) character file.

Game seed: 7063076824668052173

215381 qw the Peltast (level 19, -5/128 HPs)
             Began as a Gargoyle Fighter on May 21, 2023.
             Was an Elder of Okawaru.
             Killed from afar by a lindwurm (27 damage)
             ... with a blast of flame
             ... on level 1 of the Vaults.
             The game lasted 00:18:11 (36262 turns).

qw the Peltast (Gargoyle Fighter)                  Turns: 36262, Time: 00:18:11

Health: -5/128     AC: 52    Str: 25    XL:     19   Next: 2%
Magic:  24/26      EV: 11    Int: 16    God:    Okawaru [****..]
Gold:   1618       SH: 26    Dex:  7    Spells: 18/18 levels left

rFire   . . .        q - +9 war axe of Justus {venom, Int+4}
rCold   . . .        s - +0 tower shield
rNeg    + . .        J - +6 chain mail of the Hall of Blades {Will+}
rPois   inf          u - +2 hat {SInv}
rElec   +            v - +2 cloak
rCorr   +            b - +4 pair of gloves of Vampiric Thralls {+Blink}
SInv    +            F - +0 pair of boots "Huchelun" {Will++ rCorr Dex-2 Stlth+}
Will    ++++.        i - amulet of reflection
Stlth   +            I - +4 ring of protection
HPRegen 0.41/turn    e - +4 ring of slaying {mikee}
MPRegen 0.20/turn

%: reflection
@: about to teleport, heroic, frozen, flying, very slow
A: sickness immunity, AC +14, big wings, negative energy resistance 1,
electricity resistance, torment resistance 1, petrification resistance
}: 1/15 runes: gossamer
a: Renounce Religion, Evoke Blink, Heroism, Finesse


You were on level 1 of the Vaults.
You worshipped Okawaru.
Okawaru was greatly pleased with you.
You visited 7 branches of the dungeon, and saw 32 of its levels.
You also visited: Gauntlet.

You collected 2973 gold pieces.
You spent 1355 gold pieces at shops.


Innate Abilities, Weirdness & Mutations

You are immune to sickness and miasma.
Your stone body is resilient. (AC +14)
You are immune to poison.
Your large and strong wings let you fly.
You resist negative energy. (rN+)
You are resistant to electric shocks. (rElec)
You are resistant to unholy torment.
You are immune to petrification.


   Skills:
 - Level 17.0(22.0) Fighting
 - Level 16.0(21.0) Axes
 - Level 9.0(14.0) Throwing
 + Level 13.1(18.1) Armour
 - Level 5.4(10.4) Dodging
 - Level 19.2(24.2) Shields
 - Level 10.0 Invocations


You had 18 spell levels left.
You didn't know any spells.
Your spell library was empty.

Inventory:

Hand Weapons
 c - a +0 broad axe
 q - the +9 war axe of Justus (weapon) {venom, Int+4}
   (You found it on level 5 of the Dungeon)

   Int:       It affects your intelligence (+4).
Missiles
 j - 4 silver boomerangs
 r - 18 javelins
 t - 5 silver javelins (quivered)
 O - 11 boomerangs
 Q - 2 boomerangs of dispersal
Armour
 b - the +4 pair of gloves of Vampiric Thralls (worn) {+Blink}
   (You found it on level 7 of the Dungeon)

   +Blink:    It lets you blink.
 f - +1 acid dragon scales
 s - a +0 tower shield (worn)
 u - a +2 hat of see invisible (worn)
 v - a +2 cloak (worn)
 x - a +9 plate armour of ponderousness
 A - a +2 helmet of intelligence
 F - the +0 pair of boots "Huchelun" (worn) {Will++ rCorr Dex-2 Stlth+}
   (You found it in a Gauntlet)

   Dex:       It affects your dexterity (-2).
   rCorr:     It protects you from acid and corrosion.
   Will:      It greatly increases your willpower.
   Stlth:     It makes you more stealthy.
 J - the +6 chain mail of the Hall of Blades (worn) {Will+}
   (You bought it in a shop on level 2 of the Orcish Mines)

   Will:      It increases your willpower.
 L - a +4 chain mail of fire resistance
 N - the +2 pair of boots of Monotheism {+Inv rElec Str+3 Dex+4}
   (You acquired it on level 1 of the Swamp)

   Str:       It affects your strength (+3).
   Dex:       It affects your dexterity (+4).
   rElec:     It insulates you from electricity.
   +Inv:      It lets you turn invisible.
Jewellery
 e - a +4 ring of slaying (right hand) {mikee}
 i - an amulet of reflection (around neck)
 k - a ring of protection from cold
 p - the ring "Gadulifo" {rCorr Str-2 Int+6 Dex-5 SInv}
   (You bought it in a shop on level 2 of the Orcish Mines)

   [ring of intelligence]

   Str:       It affects your strength (-2).
   Int:       It affects your intelligence (+6).
   Dex:       It affects your dexterity (-5).
   SInv:      It lets you see invisible.
   rCorr:     It protects you from acid and corrosion.
 w - the ring "Boduidid" {rF- Str+3 Int+3 SInv}
   (You found it on level 11 of the Dungeon)

   [ring of see invisible]

   Str:       It affects your strength (+3).
   Int:       It affects your intelligence (+3).
   rF:        It makes you vulnerable to fire.
   SInv:      It lets you see invisible.
 y - a ring of resist corrosion
 G - a ring of protection from cold
 H - a ring of resist corrosion
 I - a +4 ring of protection (left hand)
Wands
 D - a wand of digging (14)
Scrolls
 l - 19 scrolls of identify
 n - a scroll of enchant weapon
 E - 3 scrolls of brand weapon
 M - a scroll of teleportation
 P - a scroll of enchant armour
Potions
 a - 9 potions of haste
 d - 6 potions of might
 g - 3 potions of heal wounds
 h - 16 potions of curing
 m - 5 potions of attraction
 o - 3 potions of lignification
 z - 9 potions of mutation
 B - 4 potions of magic
 C - a potion of resistance
 K - a potion of cancellation

Dungeon Overview and Level Annotations

Branches:
Dungeon (15/15)            Temple (1/1) D:4            Lair (5/5) D:9
  Swamp (3/4) Lair:3       Spider (4/4) Lair:3        Slime (0/5) Lair:4
    Orc (2/2) D:11            Elf (0/3) Orc:2        Vaults (2/5) D:13
 Depths (0/4) D:15        Gauntlet (visited)
  Crypt: Vaults:2-3

Altars:
Ashenzari
Cheibriados
Dithmenos
Elyvilon
Fedhas
Gozag
Hepliaklqana
Kikubaaqudgha
Makhleb
Nemelex Xobeh
Okawaru
Qazlal
Ru
Sif Muna
Trog
Uskayaw
Vehumet
Wu Jian
Xom
Yredelemnul
Zin
The Shining One
Jiyva

Shops:
D:2 =   D:13 :   Orc:1 *   Orc:2 (=*[   Vaults:1 [

Annotations:
D:5 2 transporters, qw's ghost, novice GrCA
D:6 1 runed translucent door, qw's ghost, novice GrCA
D:10 3 runed translucent doors, qw's ghost, journeyman GrFi
Lair:2 4 runed translucent doors, qw's ghost, journeyman GrCA


Message History

You hit the wizard. You block the wizard's attack.
The lindwurm closely misses you. You block the lindwurm's attack.
The lindwurm claws you but does no damage.
Electricity crackles from the ironbound thunderhulk's apparatus.
The bolt of lightning hits you. You resist.
You slash the lindwurm!
You kill the lindwurm!
Okawaru accepts your kill.
You hit the wizard.
The wizard looks as sick as possible!
The wizard gestures at you while chanting.
You resist with almost no effort.
You barely miss the wizard.
The wizard is severely wounded.
You hit the ironbound frostheart.
The ironbound frostheart is poisoned.
Electricity crackles from the ironbound thunderhulk's apparatus.
The bolt of lightning hits you! You resist.
The ironbound frostheart calls freezing cold from the walls.
The frost grips you but does no damage.
You are encased in ice.
The wizard hits you but does no damage.
You slash the wizard!
You kill the wizard!
Okawaru accepts your kill. Okawaru grants you throwing weapons!
Something appears at your feet!
You slash the ironbound frostheart!
The ironbound frostheart looks as sick as possible!
Electricity crackles from the ironbound thunderhulk's apparatus.
The bolt of lightning hits you! You resist.
You slice the ironbound frostheart!!
The ironbound frostheart is heavily wounded.
The ironbound frostheart calls freezing cold from the walls.
The frost grips you!!!
The green ugly thing basks in the mutagenic energy from its kin and changes!
36262 ||| READING 2 scrolls of teleportation.
As you read the scroll of teleportation, it crumbles to dust.
You feel strangely unstable.
The green ugly thing headbutts you but does no damage.
The lindwurm breathes flames at you. The blast of flame hits you!!
You die...

#
#####.[.#######
#
...pu#...#$.pu..
#
(#####...#####..
# .. #.......#
.. #
...##.....##...
#
#...##...##...#
#...##.##...#
#..u#+#O..#
#..u@...#
##.pk%.##
+.....+ #.....#
.......
...#+#... ...#
#... ...# #...


You could see an ironbound thunderhulk (very poisoned), 2 ugly things, an
ironbound frostheart (extremely poisoned) and a lindwurm (catching breath).

Vanquished Creatures
  A tentacled monstrosity (Vaults:1)
  2 thorn hunters (Swamp:2)
  Gastronok (D:8)
  Kirke (D:14)
  3 vault wardens (Vaults:1)
  7 emperor scorpions
  Louise (Swamp:2)
  5 ghost moths
  An orc warlord (Orc:2)
  A stone giant (D:15)
  8 very ugly things (Vaults:1)
  2 ironbound preservers (Vaults:1)
  An ironbound thunderhulk (Vaults:1)
  2 broodmothers
  An eleionoma (Swamp:3)
  Azrael (D:15)
  A dire elephant (Lair:5)
  2 spark wasps (Spider:4)
  2 minotaurs
  3 bunyips
  An entropy weaver (Spider:2)
  Harold (D:10)
  4 vault guards (D:13)
  Fannar (D:11)
  Erolcha (D:9)
  An ironbound frostheart (Vaults:1)
  10 hydras
  2 jorogumos (Spider:3)
  3 catoblepae
  3 ogre magi
  6 centaur warriors
  A deep troll shaman (Lair:5)
  4 radroaches
  10 death yaks
  A ghost crab (Swamp:3)
  2 tengu warriors (D:15)
  7 boulder beetles
  10 two-headed ogres
  2 alligators
  2 orc high priests
  A skyshark (Lair:5)
  A fire crab (Gauntlet)
  A fire crab (shapeshifter) (D:11)
  3 pharaoh ants
  A death drake (Swamp:3)
  9 goliath frogs
  A sun moth (Spider:3)
  2 spriggan druids
  An obsidian statue (Gauntlet)
  6 orb spiders
  3 bog bodies
  2 swamp dragons (Swamp:3)
  2 ironbound convokers
  3 wizards
  8 deep trolls (Vaults:1)
  3 steelbarb worms
  4 lindwurms (Vaults:1)
  3 orc knights (Orc:2)
  16 ugly things
  6 orc sorcerers
  An oklob plant (Lair:2)
  5 will-o-the-wisps
  3 moths of wrath
  3 manticores
  26 wolf spiders
  5 cyclopes
  3 elephants (Lair:5)
  2 centaur zombies (D:10)
  8 demonic crawlers
  A cane toad (shapeshifter) (D:13)
  5 vault sentinels
  11 cane toads
  3 gargoyles
  9 black mambas
  3 torpor snails
  Maggie (D:10)
  3 rime drakes
  19 yaktaurs
  A freezing wraith (D:12)
  A kobold demonologist (D:8)
  An unseen horror (D:11)
  7 komodo dragons
  A queen bee (Lair:2)
  8 trolls
  4 meliai
  A tyrant leech (Swamp:1)
  4 polar bears
  3 hornets (Swamp:1)
  30 blink frogs
  37 tarantellas
  Prince Ribbit (D:6)
  17 slime creatures
  17 culicivoras
  4 spriggans (Swamp:1)
  26 jumping spiders
  6 wyverns
  5 water elementals (D:15)
  3 humans
  91 yaks
  A shadow (D:10)
  2 vampires
  6 fire bats (Gauntlet)
  Grum (D:9)
  A hog (D:14)
  3 wraiths
  2 fire elementals (D:15)
  A steam dragon (D:9)
  29 redbacks
  3 basilisks
  Menkaure (D:6)
  19 vampire mosquitoes
  5 large abominations (D:11)
  A warg (D:11)
  7 small abominations (D:11)
  15 water moccasins
  3 acid dragons
  4 hell hounds
  10 swamp worms
  2 swamp drakes
  An ice beast (D:6)
  19 orc warriors
  7 black bears
  3 sky beasts
  10 ogres
  8 centaurs
  26 wolves
  A phantom (D:6)
  11 bullfrogs
  6 scorpions
  23 wights
  32 killer bees
  8 electric eels
  8 howler monkeys
  6 hounds
  7 jellies
  20 orc priests
  2 gnoll boudas
  2 sleepcaps
  3 iguanas
  23 orc wizards
  6 hell rats (Lair:1)
  27 gnolls
  10 adders
  2 shadow imps
  A white imp (D:6)
  4 ufetubi
  65 orcs
  3 bats
  13 endoplasms
  A giant cockroach (D:14)
  5 goblins
  3 hobgoblins
  4 jackals (D:1)
  6 ball pythons
  2 frilled lizards (D:2)
  7 kobolds
  4 rats
1078 creatures vanquished.

Vanquished Creatures (others)
  An alligator (Swamp:3)
  A bloated husk (Swamp:3)
  An orc (Orc:2)
  32 foxfires
35 creatures vanquished.

Grand Total: 1113 creatures vanquished

Notes
Turn   | Place    | Note
-------+----------+-------------------------------------------
     0 | D:1      | qw the Gargoyle Fighter began the quest for the Orb.
     0 | D:1      | Reached XP level 1. HP: 14/14 MP: 1/1
     0 | D:1      | 0 ||| qw: Version: 0.2-a-98-g16b38d9
     0 | D:1      | 0 ||| qw: Game counter: 12
     0 | D:1      | 0 ||| qw: Always use a shield: true
     0 | D:1      | 0 ||| qw: God list: Okawaru
     0 | D:1      | 0 ||| qw: Allow faded altars: false
     0 | D:1      | 0 ||| qw: Do Orc after D:15 true
     0 | D:1      | 0 ||| qw: Do second Lair branch before Depths: true
     0 | D:1      | 0 ||| qw: Lair rune preference: random
     0 | D:1      | 0 ||| qw: Plans: Normal, Zot:1-4, God:TSO, Crypt, Tomb,
                  | Pan, Slime:5, Hells, Abyss, Win
     0 | D:1      | 0 ||| PLANNING D:1-11
   183 | D:1      | Found a faded altar of an unknown god.
   439 | D:1      | 439 ||| Stepping ~*~*~tactically~*~*~ (stealth).
   444 | D:1      | Reached XP level 2. HP: 16/19 MP: 2/2
   453 | D:1      | 453 ||| Stepping ~*~*~tactically~*~*~ (stealth).
   454 | D:1      | 454 ||| Stepping ~*~*~tactically~*~*~ (stealth).
   469 | D:1      | 469 ||| DROPPING +0 club.
   485 | D:1      | 485 ||| Stepping ~*~*~tactically~*~*~ (stealth).
   506 | D:1      | 506 ||| Stepping ~*~*~tactically~*~*~ (stealth).
   507 | D:1      | 507 ||| Stepping ~*~*~tactically~*~*~ (stealth).
   681 | D:1      | Reached skill level 3 in Axes
   826 | D:1      | 826 ||| UPGRADING to +0 pair of gloves.
   831 | D:1      | 831 ||| DRINKING 2 yellow potions.
   937 | D:2      | 937 ||| Stepping ~*~*~tactically~*~*~ (water).
  1029 | D:2      | Reached XP level 3. HP: 23/23 MP: 3/3
  1358 | D:2      | Found Nittic's Jewellery Boutique.
  1365 | D:2      | 1365 ||| SHOPLISTING +5 ring of evasion (432 gold, have
                  | 113).
  1365 | D:2      | 1365 ||| SHOPLISTING +6 ring of dexterity (432 gold, have
                  | 113).
  1365 | D:2      | 1365 ||| SHOPLISTING +6 ring of strength (432 gold, have
                  | 113).
  1365 | D:2      | 1365 ||| SHOPLISTING amulet of guardian spirit (360 gold,
                  | have 113).
  1365 | D:2      | 1365 ||| SHOPLISTING amulet of regeneration (360 gold, have
                  | 113).
  1365 | D:2      | 1365 ||| SHOPLISTING ring of resist corrosion (240 gold,
                  | have 113).
  1531 | D:2      | 1531 ||| DROPPING +0 whip.
  1594 | D:2      | 1594 ||| UPGRADING to +0 chain mail.
  1604 | D:2      | 1604 ||| DROPPING +0 scale mail.
  1605 | D:2      | 1605 ||| READING scroll labelled OHAITU ZERGHO.
  1606 | D:2      | 1606 ||| READING scroll labelled GAHEUG FUSEGG.
  1607 | D:2      | 1607 ||| READING 2 scrolls labelled ICWUMYIHEITO.
  1608 | D:2      | 1608 ||| READING scroll labelled IMITTI URUW.
  1609 | D:2      | 1609 ||| READING scroll labelled JARULU LOFI.
  1610 | D:2      | 1610 ||| READING scroll labelled DURCHU ZOYK.
  1768 | D:3      | Found a stormy altar of Qazlal.
  1871 | D:3      | 1871 ||| Stepping ~*~*~tactically~*~*~ (stealth).
  1877 | D:3      | 1877 ||| Stepping ~*~*~tactically~*~*~ (stealth).
  2009 | D:3      | Identified the +1 mace "Dockiz" {holy, rN+ rCorr Stlth-}
  2031 | D:3      | Found a broken altar of Ashenzari.
  2154 | D:3      | Reached XP level 4. HP: 26/28 MP: 4/4
  2418 | D:3      | 2418 ||| UPGRADING to amulet of the acrobat.
  2423 | D:3      | 2423 ||| UPGRADING to ring of resist corrosion.
  2424 | D:3      | 2424 ||| READING scroll labelled YFAVYSHIGH.
  2425 | D:3      | 2425 ||| DRINKING 2 grey potions.
  2426 | D:3      | 2426 ||| DRINKING 2 fuming grey potions.
  2568 | D:4      | Found a staircase to the Ecumenical Temple.
  2569 | D:4      | 2569 ||| PLANNING TEMPLE
  2577 | Temple   | Entered the Ecumenical Temple
  2642 | Temple   | 2642 ||| PLANNING OKAWARU WORSHIP
  2794 | Temple   | Became a worshipper of Warmaster Okawaru
  2794 | Temple   | 2794 ||| PLANNING D:1-11
  2829 | D:4      | 2829 ||| READING scroll of enchant armour.
  2829 | D:4      | 2829 ||| ENCHANTING +0 pair of gloves.
  2906 | D:4      | 2906 ||| Stepping ~*~*~tactically~*~*~ (stealth).
  2907 | D:4      | 2907 ||| Stepping ~*~*~tactically~*~*~ (stealth).
  2908 | D:4      | 2908 ||| Stepping ~*~*~tactically~*~*~ (stealth).
  2910 | D:4      | 2910 ||| Stepping ~*~*~tactically~*~*~ (stealth).
  2912 | D:4      | 2912 ||| Stepping ~*~*~tactically~*~*~ (stealth).
  2924 | D:4      | 2924 ||| Stepping ~*~*~tactically~*~*~ (hiding).
  2940 | D:4      | Reached skill level 1 in Throwing
  2940 | D:4      | Reached XP level 5. HP: 15/32 MP: 5/5
  3245 | D:4      | Reached XP level 6. HP: 38/38 MP: 6/6
  3326 | D:4      | Reached * piety under Okawaru
  3354 | D:4      | 3354 ||| Stepping ~*~*~tactically~*~*~ (stealth).
  3369 | D:4      | 3369 ||| DROPPING +0 flail.
  3397 | D:4      | 3397 ||| INVOKING Heroism.
  3594 | D:4      | 3594 ||| UPGRADING to +0 cloak.
  3599 | D:4      | 3599 ||| READING 2 scrolls labelled ZAGUENU QEMIEH.
  3600 | D:4      | 3600 ||| DRINKING 2 metallic white potions.
  3636 | D:4      | 3636 ||| DRINKING 2 red potions.
  3637 | D:4      | 3637 ||| DROPPING potion of flight.
  3638 | D:4      | 3638 ||| DROPPING scroll of fear.
  3663 | D:5      | Entered Level 5 of the Dungeon
  3672 | D:5      | 3672 ||| STAIRDANCE
  3689 | D:5      | Identified the +9 war axe of Justus {venom, Int+4}
  3691 | D:5      | 3691 ||| SWAPPING to +9 war axe of Justus {venom, Int+4}.
  3692 | D:5      | 3692 ||| DROPPING +0 war axe of protection.
  3700 | D:5      | Reached skill level 1 in Invocations
  3726 | D:5      | Reached skill level 6 in Axes
  3726 | D:5      | Reached XP level 7. HP: 43/43 MP: 6/8
  3794 | D:5      | 3794 ||| INVOKING Heroism.
  3799 | D:5      | Reached skill level 1 in Dodging
  3812 | D:5      | Found a transporter.
  3812 | D:5      | Noticed qw's ghost (novice GrCA)
  3812 | D:5      | Noticed a hornet
  3847 | D:5      | Found a transporter.
  3957 | D:5      | Reached skill level 3 in Invocations
  3961 | D:5      | Found a burning altar of Makhleb.
  4209 | D:5      | 4209 ||| READING 4 scrolls of identify.
  4209 | D:5      | 4209 ||| IDENTIFYING murky brown potion
  4210 | D:5      | 4210 ||| READING 3 scrolls of identify.
  4210 | D:5      | 4210 ||| IDENTIFYING fuming clear potion
  4211 | D:5      | 4211 ||| READING 2 scrolls of identify.
  4211 | D:5      | 4211 ||| IDENTIFYING puce potion
  4212 | D:5      | 4212 ||| DROPPING potion of degeneration.
  4213 | D:5      | 4213 ||| DROPPING potion of brilliance.
  4261 | D:6      | Noticed Prince Ribbit
  4262 | D:6      | 4262 ||| INVOKING Heroism.
  4265 | D:6      | Killed Prince Ribbit
  4266 | D:6      | Reached XP level 8. HP: 48/48 MP: 7/11
  4399 | D:6      | 4399 ||| Stepping ~*~*~tactically~*~*~ (hiding).
  4402 | D:6      | 4402 ||| INVOKING Heroism.
  4518 | D:6      | Noticed Menkaure
  4519 | D:6      | 4519 ||| INVOKING Heroism.
  4525 | D:6      | Killed Menkaure
  4525 | D:6      | Reached ** piety under Okawaru
  4623 | D:6      | 4623 ||| Stepping ~*~*~tactically~*~*~ (hiding).
  4880 | D:6      | 4880 ||| Stepping ~*~*~tactically~*~*~ (stealth).
  5150 | D:6      | 5150 ||| INVOKING Heroism.
  5282 | D:6      | 5282 ||| READING scroll labelled BYUTWEJOER.
  5283 | D:6      | 5283 ||| Stepping randomly (disturbance).
  5339 | D:6      | Found a runed translucent door.
  5339 | D:6      | Noticed qw's ghost (novice GrCA)
  5348 | D:6      | Reached skill level 6 in Fighting
  5348 | D:6      | Reached XP level 9. HP: 51/55 MP: 12/12
  5650 | D:6      | Found a burning altar of Makhleb.
  5653 | D:6      | Found a blossoming altar of Fedhas.
  5653 | D:6      | Found a burning altar of Makhleb.
  5655 | D:6      | Found a hazy altar of Hepliaklqana.
  5655 | D:6      | Found a shimmering altar of Xom.
  5655 | D:6      | Found a broken altar of Ashenzari.
  5816 | D:6      | 5816 ||| READING scroll labelled EDUIDWO HAUSAE.
  5817 | D:6      | 5817 ||| READING scroll labelled GIMUG GIHERILU.
  5902 | D:7      | 5902 ||| INVOKING Heroism.
  5953 | D:7      | 5953 ||| Stepping ~*~*~tactically~*~*~ (stealth).
  5961 | D:7      | Reached skill level 9 in Axes
  5982 | D:7      | Reached skill level 4 in Shields
  5991 | D:7      | 5991 ||| Stepping ~*~*~tactically~*~*~ (stealth).
  6004 | D:7      | Identified the +4 pair of gloves of Vampiric Thralls
                  | {+Blink}
  6010 | D:7      | 6010 ||| INVOKING Heroism.
  6035 | D:7      | Identified the +0 mace of Opsaudgh {protect, Drain rElec
                  | rPois Dex+3}
  6740 | D:7      | Found a white marble altar of Elyvilon.
  6746 | D:7      | 6746 ||| UPGRADING to +4 pair of gloves of Vampiric Thralls
                  | {+Blink}.
  6756 | D:7      | 6756 ||| DROPPING +1 pair of gloves.
  6757 | D:7      | 6757 ||| READING scroll labelled TIUKEFIMOD.
  6797 | D:8      | 6797 ||| INVOKING Heroism.
  6832 | D:8      | 6832 ||| INVOKING Heroism.
  7205 | D:8      | 7205 ||| Stepping ~*~*~tactically~*~*~ (hiding).
  7219 | D:8      | Reached *** piety under Okawaru
  7220 | D:8      | Reached XP level 10. HP: 62/63 MP: 13/13
  7222 | D:8      | Noticed a kobold demonologist
  7240 | D:8      | Noticed a sun demon
  7240 | D:8      | 7240 ||| INVOKING Heroism.
  7241 | D:8      | Noticed a cyclops
  7242 | D:8      | Killed a kobold demonologist
  7243 | D:8      | 7243 ||| Stepping ~*~*~tactically~*~*~ (hiding).
  7252 | D:8      | Killed a cyclops
  7253 | D:8      | Reached skill level 5 in Shields
  7269 | D:8      | Noticed a centaur warrior
  7275 | D:8      | 7275 ||| INVOKING Heroism.
  7278 | D:8      | Killed a centaur warrior
  7278 | D:8      | Received a gift from Okawaru
  7279 | D:8      | Noticed a two-headed ogre
  7286 | D:8      | Killed a two-headed ogre
  7286 | D:8      | Reached **** piety under Okawaru
  7458 | D:8      | Identified the staff of earth "Fiakliah" {rC+ Dex+3}
  7523 | D:8      | Noticed Gastronok
  7524 | D:8      | 7524 ||| INVOKING Heroism.
  7536 | D:8      | Killed Gastronok
  7537 | D:8      | Reached XP level 11. HP: 68/68 MP: 12/14
  7591 | D:8      | 7591 ||| Stepping ~*~*~tactically~*~*~ (hiding).
  7614 | D:8      | 7614 ||| Stepping ~*~*~tactically~*~*~ (stealth).
  7646 | D:8      | 7646 ||| Stepping ~*~*~tactically~*~*~ (stealth).
  7656 | D:8      | Reached skill level 6 in Armour
  7852 | D:8      | 7852 ||| UPGRADING to +2 hat of see invisible.
  7857 | D:8      | 7857 ||| UPGRADING to +4 ring of slaying {mikee}.
  7858 | D:8      | 7858 ||| READING 4 scrolls of identify.
  7858 | D:8      | 7858 ||| IDENTIFYING bubbling coppery potion
  7891 | D:9      | Noticed Erolcha
  7892 | D:9      | 7892 ||| INVOKING Heroism.
  7913 | D:9      | Reached skill level 6 in Invocations
  7917 | D:9      | Killed Erolcha
  7966 | D:9      | Noticed Grum
  7967 | D:9      | 7967 ||| INVOKING Heroism.
  7980 | D:9      | Killed Grum
  7981 | D:9      | Reached skill level 9 in Fighting
  7982 | D:9      | 7982 ||| Stepping ~*~*~tactically~*~*~ (stealth).
  7987 | D:9      | 7987 ||| Stepping ~*~*~tactically~*~*~ (stealth).
  7988 | D:9      | 7988 ||| Stepping ~*~*~tactically~*~*~ (stealth).
  8077 | D:9      | 8077 ||| INVOKING Heroism.
  8078 | D:9      | 8078 ||| Stepping ~*~*~tactically~*~*~ (cloud).
  8079 | D:9      | 8079 ||| Stepping ~*~*~tactically~*~*~ (cloud).
  8120 | D:9      | 8120 ||| INVOKING Heroism.
  8175 | D:9      | Found a staircase to the Lair.
  8270 | D:9      | 8270 ||| INVOKING Heroism.
  8315 | D:9      | 8315 ||| Stepping ~*~*~tactically~*~*~ (stealth).
  8551 | D:9      | 8551 ||| INVOKING Heroism.
  8651 | D:9      | 8651 ||| Stepping ~*~*~tactically~*~*~ (stealth).
  8652 | D:9      | 8652 ||| INVOKING Heroism.
  8746 | D:9      | Found a shimmering blue altar of Sif Muna.
  8877 | D:9      | 8877 ||| PLANNING LAIR
  8877 | D:9      | 8877 ||| DROPPING +1 ring mail of fire resistance.
  8878 | D:9      | 8878 ||| UPGRADING to +0 plate armour.
  8888 | D:9      | 8888 ||| DROPPING +0 chain mail.
  8889 | D:9      | 8889 ||| DROPPING +2 robe of resistance.
  8890 | D:9      | 8890 ||| DRINKING 2 murky grey potions.
  8915 | Lair:1   | Entered Level 1 of the Lair of Beasts
  8924 | Lair:1   | Found a glowing golden altar of the Shining One.
  8991 | Lair:1   | 8991 ||| INVOKING Heroism.
  9045 | Lair:1   | 9045 ||| INVOKING Heroism.
  9050 | Lair:1   | Received a gift from Okawaru
  9083 | Lair:1   | 9083 ||| INVOKING Heroism.
  9095 | Lair:1   | HP: 9/71 [komodo dragon (11)]
  9096 | Lair:1   | 9096 ||| READING scroll of teleportation.
  9097 | Lair:1   | 9097 ||| DRINKING 2 potions of heal wounds.
  9209 | Lair:1   | 9209 ||| INVOKING Heroism.
  9271 | Lair:1   | 9271 ||| INVOKING Heroism.
  9283 | Lair:1   | Reached XP level 12. HP: 76/76 MP: 15/17
  9284 | Lair:1   | Received a gift from Okawaru
  9315 | Lair:1   | 9315 ||| Stepping ~*~*~tactically~*~*~ (stealth).
  9349 | Lair:1   | Reached skill level 12 in Axes
  9715 | Lair:1   | 9715 ||| INVOKING Heroism.
  9725 | Lair:1   | Reached skill level 9 in Invocations
  9730 | Lair:1   | 9730 ||| Stepping ~*~*~tactically~*~*~ (stealth).
  9739 | Lair:1   | 9739 ||| INVOKING Heroism.
  9759 | Lair:1   | Received a gift from Okawaru
  9760 | Lair:1   | Reached skill level 6 in Shields
  9937 | Lair:1   | 9937 ||| DROPPING amulet of guardian spirit.
  9938 | Lair:1   | 9938 ||| READING scroll labelled LEJIGOD HAJOARR.
  9939 | Lair:1   | 9939 ||| DRINKING 2 murky dark potions.
  9974 | Lair:2   | 9974 ||| Stepping ~*~*~tactically~*~*~ (stealth).
 10041 | Lair:2   | Noticed a catoblepas
 10042 | Lair:2   | 10042 ||| Stepping ~*~*~tactically~*~*~ (stealth).
 10043 | Lair:2   | 10043 ||| Stepping ~*~*~tactically~*~*~ (stealth).
 10044 | Lair:2   | 10044 ||| Stepping ~*~*~tactically~*~*~ (stealth).
 10045 | Lair:2   | 10045 ||| INVOKING Heroism.
 10050 | Lair:2   | Killed a catoblepas
 10063 | Lair:2   | 10063 ||| Stepping ~*~*~tactically~*~*~ (stealth).
 10065 | Lair:2   | 10065 ||| Stepping ~*~*~tactically~*~*~ (stealth).
 10078 | Lair:2   | Reached skill level 9 in Armour
 10151 | Lair:2   | Reached ***** piety under Okawaru
 10153 | Lair:2   | Received a gift from Okawaru
 10243 | Lair:2   | You fall into a shaft and drop 2 floors!
 10303 | Lair:4   | Found a viscous altar of Jiyva.
 10303 | Lair:4   | Found a staircase to the Slime Pits.
 10329 | Lair:4   | 10329 ||| Stepping ~*~*~tactically~*~*~ (stealth).
 10359 | Lair:4   | Received a gift from Okawaru
 10360 | Lair:4   | Reached XP level 13. HP: 66/82 MP: 20/20
 10377 | Lair:4   | 10377 ||| INVOKING Heroism.
 10438 | Lair:4   | 10438 ||| INVOKING Heroism.
 10455 | Lair:4   | 10455 ||| DROPPING +6 ring of intelligence.
 10483 | Lair:3   | 10483 ||| INVOKING Heroism.
 10516 | Lair:3   | Received a gift from Okawaru
 10613 | Lair:3   | 10613 ||| INVOKING Heroism.
 10652 | Lair:2   | 10652 ||| INVOKING Finesse.
 10658 | Lair:2   | 10658 ||| INVOKING Heroism.
 10772 | Lair:2   | Found a runed translucent door.
 10805 | Lair:2   | 10805 ||| DROPPING +1 mace "Dockiz" {holy, rN+ rCorr
                  | Stlth-}.
 10806 | Lair:2   | 10806 ||| DROPPING +2 morningstar of holy wrath.
 10847 | Lair:2   | Found a runed translucent gate.
 10847 | Lair:2   | Found a runed translucent gate.
 10847 | Lair:2   | Found a runed translucent gate.
 10847 | Lair:2   | Noticed qw's ghost (journeyman GrCA)
 10865 | Lair:2   | 10865 ||| Stepping ~*~*~tactically~*~*~ (stealth).
 10866 | Lair:2   | 10866 ||| INVOKING Heroism.
 10869 | Lair:2   | 10869 ||| SWAPPING to +4 war axe of flaming.
 10871 | Lair:2   | 10871 ||| SWAPPING to +9 war axe of Justus {venom, Int+4}.
 10952 | Lair:2   | 10952 ||| Stepping ~*~*~tactically~*~*~ (stealth).
 10954 | Lair:2   | 10954 ||| INVOKING Heroism.
 10964 | Lair:2   | 10964 ||| SWAPPING to +4 war axe of flaming.
 10971 | Lair:2   | 10971 ||| SWAPPING to +9 war axe of Justus {venom, Int+4}.
 10972 | Lair:2   | Received a gift from Okawaru
 10980 | Lair:2   | 10980 ||| INVOKING Heroism.
 11144 | Lair:2   | 11144 ||| Stepping ~*~*~tactically~*~*~ (stealth).
 11330 | Lair:2   | 11330 ||| INVOKING Heroism.
 11639 | Lair:3   | 11639 ||| Stepping ~*~*~tactically~*~*~ (stealth).
 11640 | Lair:3   | 11640 ||| Stepping ~*~*~tactically~*~*~ (stealth).
 11687 | Lair:3   | 11687 ||| Stepping ~*~*~tactically~*~*~ (stealth).
 11688 | Lair:3   | 11688 ||| INVOKING Heroism.
 11702 | Lair:3   | Reached skill level 7 in Shields
 11702 | Lair:3   | Received a gift from Okawaru
 11787 | Lair:3   | Found a staircase to the Swamp.
 11789 | Lair:3   | 11789 ||| INVOKING Heroism.
 11796 | Lair:3   | Received a gift from Okawaru
 12169 | Lair:3   | 12169 ||| INVOKING Heroism.
 12180 | Lair:3   | 12180 ||| Stepping ~*~*~tactically~*~*~ (stealth).
 12194 | Lair:3   | Received a gift from Okawaru
 12199 | Lair:3   | 12199 ||| INVOKING Finesse.
 12214 | Lair:3   | 12214 ||| SWAPPING to +4 war axe of flaming.
 12216 | Lair:3   | Gained mutation: Your large and strong wings let you fly.
                  | [Gargoyle growth]
 12216 | Lair:3   | Reached XP level 14. HP: 90/90 MP: 16/21
 12217 | Lair:3   | 12217 ||| SWAPPING to +9 war axe of Justus {venom, Int+4}.
 12252 | Lair:3   | Found a hole to the Spider Nest.
 12445 | Lair:3   | 12445 ||| UPGRADING to +9 plate armour of ponderousness.
 12455 | Lair:3   | 12455 ||| DROPPING +0 plate armour.
 12456 | Lair:3   | 12456 ||| DROPPING ring of flight.
 12457 | Lair:3   | 12457 ||| READING scroll labelled YLY KOVVAFEOXU.
 12458 | Lair:3   | 12458 ||| READING scroll labelled GIWARO TYILAPP.
 12559 | Lair:3   | 12559 ||| READING 6 scrolls of identify.
 12559 | Lair:3   | 12559 ||| IDENTIFYING metallic emerald potion
 12633 | Lair:4   | 12633 ||| Stepping ~*~*~tactically~*~*~ (stealth).
 12686 | Lair:4   | 12686 ||| INVOKING Heroism.
 12687 | Lair:4   | 12687 ||| INVOKING Finesse.
 12691 | Lair:4   | Reached skill level 6 in Throwing
 13000 | Lair:4   | Reached skill level 15 in Axes
 13149 | Lair:4   | 13149 ||| INVOKING Heroism.
 13278 | Lair:5   | Entered Level 5 of the Lair of Beasts
 13384 | Lair:5   | 13384 ||| Stepping ~*~*~tactically~*~*~ (stealth).
 13385 | Lair:5   | 13385 ||| Stepping ~*~*~tactically~*~*~ (stealth).
 13543 | Lair:5   | Reached skill level 12 in Fighting
 13615 | Lair:5   | 13615 ||| Stepping ~*~*~tactically~*~*~ (stealth).
 13727 | Lair:5   | 13727 ||| INVOKING Heroism.
 13728 | Lair:5   | 13728 ||| INVOKING Finesse.
 13731 | Lair:5   | 13731 ||| SWAPPING to +4 war axe of flaming.
 13737 | Lair:5   | 13737 ||| SWAPPING to +9 war axe of Justus {venom, Int+4}.
 13944 | Lair:5   | 13944 ||| Stepping ~*~*~tactically~*~*~ (stealth).
 14000 | Lair:5   | 14000 ||| Stepping ~*~*~tactically~*~*~ (stealth).
 14003 | Lair:5   | 14003 ||| INVOKING Heroism.
 14004 | Lair:5   | 14004 ||| INVOKING Finesse.
 14040 | Lair:5   | 14040 ||| Stepping ~*~*~tactically~*~*~ (stealth).
 14058 | Lair:5   | 14058 ||| Stepping ~*~*~tactically~*~*~ (stealth).
 14080 | Lair:5   | 14080 ||| INVOKING Heroism.
 14081 | Lair:5   | 14081 ||| INVOKING Finesse.
 14137 | Lair:5   | 14137 ||| INVOKING Finesse.
 14140 | Lair:5   | Noticed a dire elephant
 14141 | Lair:5   | 14141 ||| Stepping ~*~*~tactically~*~*~ (stealth).
 14143 | Lair:5   | Received a gift from Okawaru
 14149 | Lair:5   | Killed a dire elephant
 14489 | Lair:5   | 14489 ||| PLANNING D:1-11
 14489 | Lair:5   | 14489 ||| UPGRADING to +1 pair of boots of flying.
 14494 | Lair:5   | 14494 ||| READING scroll labelled LYTAMO HAEGUPN.
 14598 | D:10     | Entered Level 10 of the Dungeon
 14636 | D:10     | Found a hazy altar of Hepliaklqana.
 14656 | D:10     | Noticed Harold
 14658 | D:10     | 14658 ||| Stepping ~*~*~tactically~*~*~ (hiding).
 14659 | D:10     | 14659 ||| Stepping ~*~*~tactically~*~*~ (hiding).
 14668 | D:10     | Killed Harold
 14903 | D:10     | Found a runed translucent gate.
 14903 | D:10     | Found a runed translucent gate.
 14903 | D:10     | Found a runed translucent gate.
 14903 | D:10     | Noticed qw's ghost (journeyman GrFi)
 14905 | D:10     | 14905 ||| DROPPING amulet of magic regeneration.
 14906 | D:10     | Found a basalt altar of Yredelemnul.
 14907 | D:10     | 14907 ||| UPGRADING to ring of protection from cold.
 14948 | D:10     | 14948 ||| Stepping ~*~*~tactically~*~*~ (stealth).
 15008 | D:10     | Noticed Maggie
 15009 | D:10     | 15009 ||| Stepping ~*~*~tactically~*~*~ (hiding).
 15018 | D:10     | Received a gift from Okawaru
 15020 | D:10     | Killed Maggie
 15349 | D:10     | 15349 ||| DROPPING +0 acid dragon scales.
 15350 | D:10     | 15350 ||| DRINKING 2 pink potions.
 15351 | D:10     | 15351 ||| DROPPING potion of invisibility.
 15483 | D:11     | Received a gift from Okawaru
 15577 | D:11     | Reached skill level 8 in Shields
 15652 | D:11     | Found a staircase to the Orcish Mines.
 15714 | D:11     | 15714 ||| Stepping ~*~*~tactically~*~*~ (stealth).
 15716 | D:11     | 15716 ||| INVOKING Heroism.
 15724 | D:11     | Reached XP level 15. HP: 67/96 MP: 20/22
 15827 | D:11     | Received a gift from Okawaru
 15979 | D:11     | 15979 ||| INVOKING Heroism.
 16080 | D:11     | Identified the ring "Boduidid" {rF- Str+3 Int+3 SInv}
 16245 | D:11     | Noticed Fannar
 16262 | D:11     | 16262 ||| INVOKING Heroism.
 16263 | D:11     | Killed Fannar
 16264 | D:11     | Reached skill level 12 in Armour
 16415 | D:11     | Reached skill level 3 in Dodging
 16423 | D:11     | 16423 ||| INVOKING Heroism.
 16625 | D:11     | 16625 ||| PLANNING D
 16671 | D:12     | 16671 ||| STAIRDANCE
 16717 | D:12     | 16717 ||| Stepping ~*~*~tactically~*~*~ (hiding).
 16724 | D:12     | 16724 ||| INVOKING Heroism.
 16778 | D:12     | 16778 ||| Stepping ~*~*~tactically~*~*~ (stealth).
 16789 | D:12     | 16789 ||| Stepping ~*~*~tactically~*~*~ (stealth).
 16814 | D:12     | 16814 ||| Stepping ~*~*~tactically~*~*~ (stealth).
 16822 | D:12     | Received a gift from Okawaru
 17027 | D:12     | 17027 ||| Stepping ~*~*~tactically~*~*~ (stealth).
 17035 | D:12     | 17035 ||| INVOKING Heroism.
 17037 | D:12     | 17037 ||| READING 3 scrolls of teleportation.
 17054 | D:12     | 17054 ||| Stepping ~*~*~tactically~*~*~ (stealth).
 17067 | D:12     | 17067 ||| Stepping ~*~*~tactically~*~*~ (stealth).
 17124 | D:12     | 17124 ||| Stepping ~*~*~tactically~*~*~ (stealth).
 17198 | D:12     | Received a gift from Okawaru
 17215 | D:12     | 17215 ||| INVOKING Heroism.
 17237 | D:12     | HP: 19/97 [yaktaur/bolt (13)]
 17238 | D:12     | 17238 ||| READING 2 scrolls of teleportation.
 17239 | D:12     | 17239 ||| DRINKING 3 potions of heal wounds.
 17496 | D:12     | 17496 ||| Stepping ~*~*~tactically~*~*~ (stealth).
 17672 | D:12     | 17672 ||| Stepping ~*~*~tactically~*~*~ (hiding).
 17874 | D:12     | 17874 ||| Stepping ~*~*~tactically~*~*~ (hiding).
 17875 | D:12     | 17875 ||| Stepping ~*~*~tactically~*~*~ (hiding).
 17962 | D:12     | 17962 ||| Stepping ~*~*~tactically~*~*~ (stealth).
 17971 | D:12     | 17971 ||| INVOKING Heroism.
 17982 | D:12     | Received a gift from Okawaru
 17990 | D:12     | HP: 21/98 [yaktaur/+5 heavy trident (9)]
 17991 | D:12     | 17991 ||| READING scroll of teleportation.
 17991 | D:12     | HP: 7/98 [death yak (15)]
 17992 | D:12     | 17992 ||| DRINKING 4 potions of heal wounds.
 17994 | D:12     | Received a gift from Okawaru
 17995 | D:12     | Reached skill level 9 in Shields
 18245 | D:12     | 18245 ||| Stepping ~*~*~tactically~*~*~ (stealth).
 18408 | D:12     | Identified the +7 long sword "Earthworm" {elec, *Slow
                  | Int+5}
 18548 | D:13     | 18548 ||| Stepping ~*~*~tactically~*~*~ (stealth).
 18615 | D:13     | Received a gift from Okawaru
 18736 | D:13     | 18736 ||| INVOKING Heroism.
 18737 | D:13     | 18737 ||| INVOKING Finesse.
 18831 | D:13     | 18831 ||| INVOKING Heroism.
 18832 | D:13     | 18832 ||| INVOKING Finesse.
 18833 | D:13     | 18833 ||| SWAPPING to +4 war axe of flaming.
 18839 | D:13     | 18839 ||| SWAPPING to +9 war axe of Justus {venom, Int+4}.
 18881 | D:13     | Identified the +1 hat of Music {rPois rF- Str+2 Int+4}
 18998 | D:13     | Found a gate to the Vaults.
 18999 | D:13     | 18999 ||| Stepping ~*~*~tactically~*~*~ (hiding).
 19001 | D:13     | 19001 ||| Stepping ~*~*~tactically~*~*~ (hiding).
 19003 | D:13     | 19003 ||| INVOKING Heroism.
 19028 | D:13     | Received a gift from Okawaru
 19166 | D:13     | Found Hopengol's Book Boutique.
 19172 | D:13     | 19172 ||| DROPPING +1 hat of Music {rPois rF- Str+2 Int+4}.
 19472 | D:13     | 19472 ||| UPGRADING to +0 kite shield.
 19482 | D:13     | 19482 ||| DROPPING +0 buckler.
 19483 | D:13     | 19483 ||| UPGRADING to +4 ring of protection.
 19511 | D:14     | Noticed Kirke
 19512 | D:14     | 19512 ||| Stepping ~*~*~tactically~*~*~ (stealth).
 19514 | D:14     | 19514 ||| INVOKING Heroism.
 19515 | D:14     | 19515 ||| Stepping ~*~*~tactically~*~*~ (hiding).
 19520 | D:14     | 19520 ||| INVOKING Finesse.
 19521 | D:14     | 19521 ||| DRINKING potion of cancellation.
 19529 | D:14     | Killed Kirke
 19540 | D:14     | 19540 ||| Stepping ~*~*~tactically~*~*~ (stealth).
 19542 | D:14     | 19542 ||| Stepping ~*~*~tactically~*~*~ (stealth).
 19570 | D:14     | 19570 ||| Stepping ~*~*~tactically~*~*~ (stealth).
 19573 | D:14     | 19573 ||| INVOKING Heroism.
 19877 | D:14     | 19877 ||| Stepping ~*~*~tactically~*~*~ (hiding).
 20137 | D:14     | Found a sacrificial altar of Ru.
 20138 | D:14     | 20138 ||| Stepping ~*~*~tactically~*~*~ (hiding).
 20249 | D:14     | 20249 ||| Stepping ~*~*~tactically~*~*~ (stealth).
 20252 | D:14     | 20252 ||| Stepping ~*~*~tactically~*~*~ (stealth).
 20306 | D:14     | Reached XP level 16. HP: 105/105 MP: 23/23
 20341 | D:14     | 20341 ||| READING scroll of enchant armour.
 20341 | D:14     | 20341 ||| ENCHANTING +1 pair of boots of flying.
 20384 | D:14     | Reached skill level 10 in Shields
 20452 | D:14     | 20452 ||| Stepping ~*~*~tactically~*~*~ (hiding).
 20457 | D:14     | 20457 ||| INVOKING Heroism.
 20739 | D:14     | 20739 ||| Stepping ~*~*~tactically~*~*~ (hiding).
 20740 | D:14     | 20740 ||| Stepping ~*~*~tactically~*~*~ (hiding).
 20744 | D:14     | 20744 ||| Stepping ~*~*~tactically~*~*~ (hiding).
 20756 | D:14     | Received a gift from Okawaru
 21053 | D:14     | 21053 ||| DROPPING ring of see invisible.
 21098 | D:15     | Entered Level 15 of the Dungeon
 21098 | D:15     | Noticed Azrael
 21099 | D:15     | 21099 ||| PLANNING GAUNTLET
 21099 | D:15     | 21099 ||| INVOKING Heroism.
 21100 | D:15     | 21100 ||| INVOKING Finesse.
 21104 | D:15     | Reached skill level 11 in Shields
 21114 | D:15     | Killed Azrael
 21194 | D:15     | Found a gate leading to a gauntlet.
 21202 | Gauntlet | Entered a Gauntlet
 21202 | Gauntlet | Found a transporter.
 21211 | Gauntlet | Found a transporter.
 21231 | Gauntlet | Found a transporter.
 21232 | Gauntlet | Found a transporter.
 21254 | Gauntlet | Found a transporter.
 21267 | Gauntlet | Found a transporter.
 21276 | Gauntlet | Found a transporter.
 21280 | Gauntlet | Found a transporter.
 21303 | Gauntlet | Found a transporter.
 21332 | Gauntlet | Found a transporter.
 21332 | Gauntlet | Found a transporter.
 21339 | Gauntlet | Found a transporter.
 21382 | Gauntlet | 21382 ||| INVOKING Heroism.
 21395 | Gauntlet | 21395 ||| INVOKING Heroism.
 21429 | Gauntlet | 21429 ||| DROPPING +0 pair of gloves of dexterity.
 21449 | Gauntlet | 21449 ||| Stepping ~*~*~tactically~*~*~ (cloud).
 21522 | Gauntlet | Identified the +0 pair of boots "Huchelun" {Will++ rCorr
                  | Dex-2 Stlth+}
 21524 | Gauntlet | 21524 ||| UPGRADING to +0 pair of boots "Huchelun" {Will++
                  | rCorr Dex-2 Stlth+}.
 21572 | Gauntlet | Identified the +5 flail of Callousness {freeze, rN+ Int-4
                  | Dex+2 SInv Stlth+}
 21573 | Gauntlet | 21573 ||| INVOKING Heroism.
 21638 | D:15     | 21638 ||| PLANNING D
 21697 | D:15     | 21697 ||| Stepping ~*~*~tactically~*~*~ (hiding).
 21706 | D:15     | Reached skill level 12 in Shields
 21820 | D:15     | 21820 ||| INVOKING Heroism.
 21824 | D:15     | Received a gift from Okawaru
 21857 | D:15     | 21857 ||| Stepping ~*~*~tactically~*~*~ (stealth).
 21977 | D:15     | 21977 ||| Stepping ~*~*~tactically~*~*~ (hiding).
 22298 | D:15     | 22298 ||| Stepping ~*~*~tactically~*~*~ (hiding).
 22299 | D:15     | 22299 ||| Stepping ~*~*~tactically~*~*~ (hiding).
 22300 | D:15     | 22300 ||| Stepping ~*~*~tactically~*~*~ (hiding).
 22412 | D:15     | Found a staircase to the Depths.
 22413 | D:15     | 22413 ||| INVOKING Heroism.
 22629 | D:15     | Reached skill level 13 in Shields
 22641 | D:15     | 22641 ||| PLANNING ORC
 22641 | D:15     | 22641 ||| DROPPING 5 silver boomerangs.
 22642 | D:15     | 22642 ||| DROPPING 6 boomerangs.
 22754 | Orc:1    | Entered Level 1 of the Orcish Mines
 22755 | Orc:1    | 22755 ||| INVOKING Heroism.
 22771 | Orc:1    | 22771 ||| STAIRDANCE
 22771 | Orc:1    | HP: 17/105 [orc priest/divine providence[an orc high
                  | priest] (12)]
 22773 | D:11     | 22773 ||| READING scroll of teleportation.
 22774 | D:11     | 22774 ||| DRINKING 6 potions of heal wounds.
 22991 | Orc:1    | 22991 ||| INVOKING Heroism.
 23135 | Orc:1    | Found Tyifohyi's General Store.
 23145 | Orc:1    | 23145 ||| BUYING scroll of brand weapon (133 gold).
 23145 | Orc:1    | Bought a scroll of brand weapon for 133 gold pieces
 23228 | Orc:1    | 23228 ||| Stepping ~*~*~tactically~*~*~ (hiding).
 23229 | Orc:1    | 23229 ||| Stepping ~*~*~tactically~*~*~ (hiding).
 23231 | Orc:1    | 23231 ||| INVOKING Heroism.
 23232 | Orc:1    | 23232 ||| Stepping ~*~*~tactically~*~*~ (hiding).
 23363 | Orc:1    | 23363 ||| INVOKING Heroism.
 23568 | Orc:2    | Entered Level 2 of the Orcish Mines
 23618 | Orc:2    | Found a staircase to the Elven Halls.
 23804 | Orc:2    | 23804 ||| Stepping ~*~*~tactically~*~*~ (hiding).
 23914 | Orc:2    | 23914 ||| Stepping ~*~*~tactically~*~*~ (hiding).
 23915 | Orc:2    | 23915 ||| INVOKING Heroism.
 23929 | Orc:2    | 23929 ||| Stepping ~*~*~tactically~*~*~ (hiding).
 23940 | Orc:2    | 23940 ||| INVOKING Heroism.
 23958 | Orc:2    | HP: 22/106 [orc warrior/+0 glaive (6)]
 23959 | Orc:2    | 23959 ||| DRINKING 5 potions of heal wounds.
 23965 | Orc:2    | 23965 ||| INVOKING Heroism.
 23983 | Orc:2    | HP: 25/105 [orc knight/bolt (4)]
 23984 | Orc:2    | 23984 ||| DRINKING 4 potions of heal wounds.
 24018 | Orc:2    | 24018 ||| INVOKING Heroism.
 24214 | Orc:2    | Found Tauhi's Antique Armour Boutique.
 24295 | Orc:2    | Found Noumemmoqo's Jewellery Boutique.
 24310 | Orc:2    | 24310 ||| BUYING amulet of reflection (330 gold).
 24310 | Orc:2    | Bought an amulet of reflection for 330 gold pieces
 24310 | Orc:2    | 24310 ||| BUYING ring "Gadulifo" {rCorr Str-2 Int+6 Dex-5
                  | SInv} (419 gold).
 24310 | Orc:2    | Bought the ring "Gadulifo" {rCorr Str-2 Int+6 Dex-5 SInv}
                  | for 419 gold pieces
 24326 | Orc:2    | 24326 ||| BUYING twisted chain mail (304 gold).
 24326 | Orc:2    | Bought a twisted chain mail for 304 gold pieces
 24326 | Orc:2    | Identified the +6 chain mail of the Hall of Blades {Will+}
                  | (You bought it in a shop on level 2 of the Orcish Mines)
 24339 | Orc:2    | 24339 ||| INVOKING Heroism.
 24490 | Orc:2    | 24490 ||| Stepping ~*~*~tactically~*~*~ (stealth).
 24495 | Orc:2    | 24495 ||| Stepping ~*~*~tactically~*~*~ (hiding).
 24504 | Orc:2    | Received a gift from Okawaru
 24505 | Orc:2    | Reached skill level 14 in Shields
 24631 | Orc:2    | Found Muetwu Jaqym's Antique Weapon Boutique.
 24646 | Orc:2    | Found Ziol Cyn's General Store.
 24653 | Orc:2    | 24653 ||| BUYING potion of haste (130 gold).
 24653 | Orc:2    | Bought a potion of haste for 130 gold pieces
 24653 | Orc:2    | 24653 ||| BUYING scroll of teleportation (39 gold).
 24653 | Orc:2    | Bought a scroll of teleportation for 39 gold pieces
 24783 | Orc:2    | 24783 ||| PLANNING SPIDER:1-3
 24783 | Orc:2    | 24783 ||| UPGRADING to +6 chain mail of the Hall of Blades
                  | {Will+}.
 24793 | Orc:2    | 24793 ||| UPGRADING to amulet of reflection.
 24803 | Orc:2    | 24803 ||| DROPPING amulet of the acrobat.
 24957 | Spider:1 | Entered Level 1 of the Spider Nest
 24958 | Spider:1 | 24958 ||| Stepping ~*~*~tactically~*~*~ (hiding).
 25146 | Spider:1 | 25146 ||| Stepping ~*~*~tactically~*~*~ (stealth).
 25183 | Spider:1 | 25183 ||| Stepping ~*~*~tactically~*~*~ (stealth).
 25202 | Spider:1 | 25202 ||| INVOKING Heroism.
 25262 | Spider:1 | 25262 ||| Stepping ~*~*~tactically~*~*~ (stealth).
 25381 | Spider:1 | You are sucked into a shaft and drop 1 floor!
 25387 | Spider:2 | Received a gift from Okawaru
 25406 | Spider:2 | 25406 ||| Stepping ~*~*~tactically~*~*~ (hiding).
 25556 | Spider:1 | Received a gift from Okawaru
 25564 | Spider:1 | Reached XP level 17. HP: 112/112 MP: 24/24
 25656 | Spider:1 | 25656 ||| Stepping ~*~*~tactically~*~*~ (hiding).
 25664 | Spider:1 | Reached skill level 15 in Fighting
 25795 | Spider:1 | Identified the +2 leather armour of Xoyjechom {rC+ Will++
                  | Int+5}
 25822 | Spider:1 | 25822 ||| INVOKING Heroism.
 25942 | Spider:1 | 25942 ||| INVOKING Heroism.
 26152 | Spider:1 | 26152 ||| DROPPING scarf of harm.
 26153 | Spider:1 | 26153 ||| DROPPING amulet of regeneration.
 26154 | Spider:1 | 26154 ||| DROPPING ring of positive energy.
 26217 | Spider:2 | 26217 ||| Stepping ~*~*~tactically~*~*~ (stealth).
 26234 | Spider:2 | Received a gift from Okawaru
 26322 | Spider:2 | 26322 ||| Stepping ~*~*~tactically~*~*~ (stealth).
 26324 | Spider:2 | 26324 ||| Stepping ~*~*~tactically~*~*~ (stealth).
 26327 | Spider:2 | 26327 ||| Stepping ~*~*~tactically~*~*~ (stealth).
 26328 | Spider:2 | 26328 ||| Stepping ~*~*~tactically~*~*~ (stealth).
 26420 | Spider:2 | 26420 ||| INVOKING Heroism.
 26632 | Spider:2 | 26632 ||| INVOKING Heroism.
 26865 | Spider:2 | 26865 ||| DROPPING +0 chain mail of fire resistance.
 26894 | Spider:3 | 26894 ||| INVOKING Heroism.
 26911 | Spider:3 | Reached skill level 9 in Throwing
 26971 | Spider:3 | 26971 ||| DRINKING 12 potions of curing.
 26971 | Spider:3 | 26971 ||| (to cure confusion)
 26994 | Spider:3 | 26994 ||| Stepping ~*~*~tactically~*~*~ (stealth).
 27006 | Spider:3 | 27006 ||| Stepping ~*~*~tactically~*~*~ (stealth).
 27052 | Spider:3 | 27052 ||| Stepping ~*~*~tactically~*~*~ (stealth).
 27062 | Spider:3 | Reached skill level 15 in Shields
 27067 | Spider:3 | 27067 ||| INVOKING Heroism.
 27177 | Spider:3 | 27177 ||| INVOKING Heroism.
 27203 | Spider:3 | HP: 26/113 [disintegration (31)]
 27517 | Spider:3 | Received a gift from Okawaru
 27529 | Spider:3 | 27529 ||| INVOKING Heroism.
 27783 | Spider:3 | 27783 ||| Stepping ~*~*~tactically~*~*~ (hiding).
 27787 | Spider:3 | 27787 ||| INVOKING Heroism.
 27821 | Spider:3 | 27821 ||| INVOKING Heroism.
 27862 | Spider:3 | 27862 ||| Stepping ~*~*~tactically~*~*~ (stealth).
 27865 | Spider:3 | 27865 ||| Stepping ~*~*~tactically~*~*~ (stealth).
 27892 | Spider:3 | 27892 ||| Stepping ~*~*~tactically~*~*~ (stealth).
 27893 | Spider:3 | 27893 ||| Stepping ~*~*~tactically~*~*~ (stealth).
 27924 | Spider:3 | 27924 ||| INVOKING Heroism.
 28260 | Spider:3 | 28260 ||| PLANNING SWAMP:1-3
 28260 | Spider:3 | 28260 ||| READING scroll labelled JOOFUI ZUUDO.
 28260 | Spider:3 | Identified a scroll of acquirement
 28350 | Swamp:1  | Entered Level 1 of the Swamp
 28351 | Swamp:1  | 28351 ||| READING scroll of acquirement.
 28351 | Swamp:1  | 28351 ||| ACQUIRING +2 pair of boots of Monotheism {+Inv
                  | rElec Str+3 Dex+4}
 28351 | Swamp:1  | Acquired the +2 pair of boots of Monotheism {+Inv rElec
                  | Str+3 Dex+4}
 28353 | Swamp:1  | 28353 ||| DROPPING +2 pair of boots of flying.
 28359 | Swamp:1  | 28359 ||| INVOKING Heroism.
 28389 | Swamp:1  | 28389 ||| Stepping ~*~*~tactically~*~*~ (stealth).
 28391 | Swamp:1  | 28391 ||| Stepping ~*~*~tactically~*~*~ (hiding).
 28402 | Swamp:1  | 28402 ||| INVOKING Heroism.
 28408 | Swamp:1  | 28408 ||| Stepping ~*~*~tactically~*~*~ (hiding).
 28496 | Swamp:1  | 28496 ||| Stepping ~*~*~tactically~*~*~ (hiding).
 28498 | Swamp:1  | 28498 ||| INVOKING Heroism.
 28603 | Swamp:1  | 28603 ||| Stepping ~*~*~tactically~*~*~ (hiding).
 28612 | Swamp:1  | 28612 ||| Stepping ~*~*~tactically~*~*~ (stealth).
 28614 | Swamp:1  | 28614 ||| INVOKING Heroism.
 28653 | Swamp:1  | 28653 ||| INVOKING Heroism.
 28836 | Swamp:1  | 28836 ||| UPGRADING to +2 pair of boots of Monotheism {+Inv
                  | rElec Str+3 Dex+4}.
 28846 | Swamp:1  | 28846 ||| DROPPING +2 pair of boots of rampaging.
 28847 | Swamp:1  | 28847 ||| DROPPING ring of ice.
 28912 | Swamp:2  | 28912 ||| Stepping ~*~*~tactically~*~*~ (hiding).
 28913 | Swamp:2  | 28913 ||| Stepping ~*~*~tactically~*~*~ (hiding).
 28915 | Swamp:2  | 28915 ||| INVOKING Heroism.
 28919 | Swamp:2  | Received a gift from Okawaru
 28928 | Swamp:2  | 28928 ||| Stepping ~*~*~tactically~*~*~ (hiding).
 28929 | Swamp:2  | 28929 ||| Stepping ~*~*~tactically~*~*~ (hiding).
 28930 | Swamp:2  | 28930 ||| Stepping ~*~*~tactically~*~*~ (hiding).
 29046 | Swamp:2  | 29046 ||| Stepping ~*~*~tactically~*~*~ (stealth).
 29084 | Swamp:2  | 29084 ||| INVOKING Heroism.
 29091 | Swamp:2  | HP: 20/116 [will-o-the-wisp/foxfire (26)]
 29092 | Swamp:2  | 29092 ||| READING 3 scrolls of teleportation.
 29093 | Swamp:2  | 29093 ||| DRINKING 4 potions of heal wounds.
 29304 | Swamp:2  | 29304 ||| READING scroll of enchant armour.
 29304 | Swamp:2  | 29304 ||| ENCHANTING +0 cloak.
 29323 | Swamp:2  | 29323 ||| Stepping ~*~*~tactically~*~*~ (hiding).
 29388 | Swamp:2  | 29388 ||| Stepping ~*~*~tactically~*~*~ (stealth).
 29389 | Swamp:2  | 29389 ||| Stepping ~*~*~tactically~*~*~ (stealth).
 29396 | Swamp:2  | 29396 ||| INVOKING Heroism.
 29586 | Swamp:2  | 29586 ||| READING scroll of enchant armour.
 29586 | Swamp:2  | 29586 ||| ENCHANTING +1 cloak.
 29589 | Swamp:2  | 29589 ||| INVOKING Heroism.
 29597 | Swamp:2  | Noticed Louise
 29597 | Swamp:2  | HP: 14/116 [thorn hunter/volley of thorns (30)]
 29598 | Swamp:2  | 29598 ||| READING 2 scrolls of teleportation.
 29599 | Swamp:2  | 29599 ||| DRINKING 3 potions of heal wounds.
 29859 | Swamp:2  | 29859 ||| INVOKING Heroism.
 29953 | Swamp:2  | 29953 ||| Stepping ~*~*~tactically~*~*~ (hiding).
 30079 | Swamp:2  | 30079 ||| INVOKING Heroism.
 30151 | Swamp:2  | 30151 ||| INVOKING Heroism.
 30165 | Swamp:2  | 30165 ||| Stepping ~*~*~tactically~*~*~ (stealth).
 30166 | Swamp:2  | 30166 ||| Stepping ~*~*~tactically~*~*~ (stealth).
 30168 | Swamp:2  | 30168 ||| Stepping ~*~*~tactically~*~*~ (stealth).
 30189 | Swamp:2  | Killed Louise
 30376 | Swamp:2  | 30376 ||| UPGRADING to +0 tower shield.
 30386 | Swamp:2  | 30386 ||| DROPPING +0 kite shield.
 30398 | Swamp:3  | 30398 ||| INVOKING Heroism.
 30402 | Swamp:3  | 30402 ||| SWAPPING to +4 war axe of flaming.
 30406 | Swamp:3  | 30406 ||| SWAPPING to +9 war axe of Justus {venom, Int+4}.
 30413 | Swamp:3  | Reached XP level 18. HP: 79/122 MP: 25/25
 30560 | Swamp:3  | 30560 ||| DROPPING +4 war axe of flaming.
 30592 | Swamp:3  | 30592 ||| Stepping ~*~*~tactically~*~*~ (hiding).
 30598 | Swamp:3  | 30598 ||| INVOKING Heroism.
 30763 | Swamp:3  | 30763 ||| INVOKING Heroism.
 30909 | Swamp:3  | 30909 ||| Stepping ~*~*~tactically~*~*~ (cloud).
 31059 | Swamp:3  | 31059 ||| Stepping ~*~*~tactically~*~*~ (hiding).
 31060 | Swamp:3  | 31060 ||| Stepping ~*~*~tactically~*~*~ (hiding).
 31071 | Swamp:3  | 31071 ||| Stepping ~*~*~tactically~*~*~ (stealth).
 31073 | Swamp:3  | 31073 ||| Stepping ~*~*~tactically~*~*~ (hiding).
 31277 | Swamp:3  | 31277 ||| Stepping ~*~*~tactically~*~*~ (hiding).
 31394 | Swamp:3  | 31394 ||| PLANNING SPIDER:4
 31394 | Swamp:3  | 31394 ||| DROPPING scarf of harm.
 31556 | Spider:4 | Entered Level 4 of the Spider Nest
 31622 | Spider:4 | Reached skill level 16 in Shields
 31624 | Spider:4 | 31624 ||| INVOKING Heroism.
 31798 | Spider:4 | 31798 ||| Stepping ~*~*~tactically~*~*~ (hiding).
 31800 | Spider:4 | 31800 ||| Stepping ~*~*~tactically~*~*~ (hiding).
 31802 | Spider:4 | 31802 ||| Stepping ~*~*~tactically~*~*~ (hiding).
 32021 | Spider:4 | 32021 ||| Stepping ~*~*~tactically~*~*~ (stealth).
 32036 | Spider:4 | 32036 ||| INVOKING Heroism.
 32058 | Spider:4 | Received a gift from Okawaru
 32070 | Spider:4 | Reached skill level 17 in Shields
 32112 | Spider:4 | 32112 ||| Stepping ~*~*~tactically~*~*~ (stealth).
 32114 | Spider:4 | 32114 ||| Stepping ~*~*~tactically~*~*~ (stealth).
 32115 | Spider:4 | 32115 ||| Stepping ~*~*~tactically~*~*~ (stealth).
 32412 | Spider:4 | Identified the +3 scale mail of Filth {rPois rN+ Will+
                  | Str+3}
 32672 | Spider:4 | Got a gossamer rune of Zot
 32719 | Spider:4 | 32719 ||| PLANNING VAULTS:1-4
 32719 | Spider:4 | 32719 ||| UPGRADING to +0 pair of boots "Huchelun" {Will++
                  | rCorr Dex-2 Stlth+}.
 32729 | Spider:4 | 32729 ||| DROPPING scarf of repulsion.
 33008 | Vaults:1 | Entered Level 1 of the Vaults
 33049 | Vaults:1 | Noticed a tentacled monstrosity
 33050 | Vaults:1 | 33050 ||| INVOKING Heroism.
 33051 | Vaults:1 | 33051 ||| INVOKING Finesse.
 33062 | Vaults:1 | Killed a tentacled monstrosity
 33128 | Vaults:1 | 33128 ||| INVOKING Heroism.
 33131 | Vaults:1 | Received a gift from Okawaru
 33132 | Vaults:1 | Reached skill level 18 in Shields
 33366 | Vaults:1 | Received a gift from Okawaru
 33374 | Vaults:1 | 33374 ||| INVOKING Heroism.
 33500 | Vaults:1 | 33500 ||| Stepping ~*~*~tactically~*~*~ (stealth).
 33548 | Vaults:1 | Found Okhlimp's Armour Shop.
 33557 | Vaults:1 | You are sucked into a shaft and drop 1 floor!
 33595 | Vaults:2 | 33595 ||| INVOKING Heroism.
 33784 | Vaults:1 | 33784 ||| Stepping ~*~*~tactically~*~*~ (stealth).
 33786 | Vaults:1 | 33786 ||| Stepping ~*~*~tactically~*~*~ (stealth).
 33803 | Vaults:1 | 33803 ||| INVOKING Heroism.
 33981 | Vaults:1 | 33981 ||| PLANNING D:1-11
 33982 | Vaults:1 | Reached skill level 19 in Shields
 33985 | Vaults:1 | Received a gift from Okawaru
 33989 | Vaults:1 | 33989 ||| UPGRADING to +2 pair of boots of Monotheism {+Inv
                  | rElec Str+3 Dex+4}.
 34303 | D:1      | 34303 ||| PLANNING LAIR
 34689 | Lair:5   | 34689 ||| PLANNING D:1-11
 35144 | D:11     | 35144 ||| PLANNING D
 35192 | D:15     | 35192 ||| PLANNING ORC
 35334 | Orc:2    | 35334 ||| PLANNING SPIDER:1-3
 35597 | Spider:3 | 35597 ||| PLANNING SWAMP:1-3
 35737 | Swamp:3  | 35737 ||| PLANNING SPIDER:4
 35861 | Spider:4 | 35861 ||| PLANNING VAULTS:1-4
 35861 | Spider:4 | 35861 ||| UPGRADING to +0 pair of boots "Huchelun" {Will++
                  | rCorr Dex-2 Stlth+}.
 36153 | Vaults:1 | 36153 ||| INVOKING Heroism.
 36246 | Vaults:1 | Upgraded the game from 0.30.0-15-g856e2d3f33 to
                  | 0.30.0-18-gf1372a6a44
 36246 | Vaults:1 | 36246 ||| PLANNING D:1-11
 36250 | Vaults:1 | 36250 ||| INVOKING Heroism.
 36254 | Vaults:1 | Reached XP level 19. HP: 97/128 MP: 23/26
 36260 | Vaults:1 | Received a gift from Okawaru
 36261 | Vaults:1 | HP: 21/128 [ironbound frostheart/creeping frost[a vault
                  | warden] (37)]
 36262 | Vaults:1 | 36262 ||| READING 2 scrolls of teleportation.
 36262 | Vaults:1 | Killed from afar by a lindwurm

Levels and vault maps discovered:
D:1:      dpeg_arrival_leaves_temple_mockup, layout_basic,
          hellmonk_ecumenical_altar_pennies_from_heaven
D:2:      layout_basic, serial_shops, shop, serial_bayou, serial_bayou_crossing,
          serial_bayou_pond_e, serial_bayou_lagoon_a, serial_bayou_pond_a,
          minmay_misc_feat_more_columns, minmay_splitting_lines
D:3:      layout_basic, grunt_qazlal_clouds, ashenzari_conservatory_becter,
          minmay_misc_feat_pillars, chequers_serial_rivers_micro_e
D:4:      layout_loops_ring, minmay_temple_entry_wispy
D:5:      layout_cave_pools, mainiacjoe_overflow_boulevard,
          gammafunk_ghost_arena
D:6:      layout_layer_cave, doesnt_xom_only_xom,
          hellmonk_ghost_happy_afterlife, lemuel_flame_loot_1, uniq_menkaure,
          uniq_prince_ribbit1
D:7:      layout_basic, mainiacjoe_overflow_alcove_4
D:8:      layout_basic, minmay_misc_feat_encased, minmay_pinched_square,
          uniq_gastronok
D:9:      layout_irregular_city, lemuel_blue_sif_altar,
          due_lair_maze_entry_diamond, kennysheep_potato, uniq_grum,
          uniq_erolcha
D:10:     layout_roguey, mainiacjoe_overflow_catwalk,
          nicolae_yredelemnul_ghost_church, corexii_corridor_pit, uniq_maggie,
          uniq_harold
D:11:     minmay_wavy_crystal, layout_irregular_city, orc_0_dummy,
          portal_ice_cave_entry_pillars_2, laboratory, uniq_fannar
D:12:     fort_yaktaur, layout_basic
D:13:     layout_cave_pods, lightli_vaults_fourway_checkpoint, serial_shops,
          nicolae_shop_hallway_stairs
D:14:     layout_stronghold, bh_walls_and_bars,
          nicolae_ru_great_annihilating_truth, uniq_kirke
D:15:     grunt_enter_depths_snipers, layout_irregular_city,
          kennysheep_pointless_box, serial_bayou, serial_bayou_shore_b,
          serial_bayou_ford_a, serial_bayou_lagoon_b, serial_bayou_pond_c,
          serial_bayou_pond_e, gauntlet_entry_generic, uniq_azrael
Temple:   eino_temple_water
Lair:1:   statuecave_lemuel, layout_regular_city, basic_altar,
          lemuel_old_faithful
Lair:2:   layout_loops_ring, gammafunk_ghost_necromancy, special_room
          [special_room_bee], chequers_serial_rivers_large_b,
          pdpol_lair_cabin_in_the_woods
Lair:3:   layout_regular_city, skrybe_swamp_entry_bodies,
          nicolae_spider_entry_lesser_pyramids, grunt_forest_stairs_basic,
          dreamdust_deal_with_the_devil
Lair:4:   layout_regular_city, nicolae_slime_entry_slimehenge
Lair:5:   grunt_lair_end_beastmaster, layout_loops_ring, st_stairs_11,
          grunt_forest_large_clearing_hut
Swamp:1:  nicolae_swamp_tree_isthmus, layout_falls_marsh, serial_swamp_ruin,
          evilmike_swamp_ruin_house_1, evilmike_swamp_ruin_wall, swamp_pool2
Swamp:2:  layout_basic_swamp, hangedman_swamp_ruin_wall,
          nicolae_swamp_wisp_ring_woods, infiniplex_staircase_pool, uniq_louise
Swamp:3:  layout_basic_swamp, nicolae_swamp_dense_foliage
Spider:1: layout_spider_delve, nicolae_spider_scorpion_nest
Spider:2: layout_spider_delve
Spider:3: layout_spider_delve, nicolae_spider_cling_halls
Spider:4: grunt_spider_rune_parallel
Orc:1:    layout_caves, serial_shops, shop, minmay_orc_keep
Orc:2:    grunt_orc_cross, layout_diamond_mine, enter_volcano_2
Vaults:1: nicolae_vaults_little_squares_6, nicolae_vaults_arrows,
          nicolae_vaults_cornered_office, v_alt_pattern_1,
          nicolae_vaults_taking_the_gang_shopping, v_misc_10, v_alt_pattern_2,
          hangedman_vaults_restitches, nicolae_vaults_house_2,
          nicolae_vaults_little_squares_3, layout_vaults_maze_snakey
Vaults:2: nicolae_vaults_specimen_jars, v_misc_32,
          nicolae_vaults_cornered_office, nicolae_vaults_yaktaur_gun_rack,
          nicolae_vaults_house_1, nicolae_vaults_tetromino_Z_2,
          nicolae_vaults_asterisk, v_misc_19, nicolae_vaults_closet_pinwheel_1,
          v_misc_10, layout_vaults_quadrants

Skill      XL: |  1  2  3  4  5  6  7  8  9 10 11 12 13 14 15 16 17 18 |
---------------+-------------------------------------------------------+-----
Axes           | 2 3 4 5 6 8 10 11 12 14 16 | 16.0
Throwing       | 1 2 4 5 6 7 8 9 |  9.0
Fighting       | 4 6 7 8 9 10 11 12 13 14 16 17 | 17.0
Invocations    | 1 4 7 10 | 10.0
Dodging        | 1 2 3 5 |  5.4
Armour         | 4 5 8 9 10 11 13 | 13.1
Shields        | 4 5 6 7 8 9 14 15 19 | 19.2

Action                     |  1- 3 |  4- 6 |  7- 9 | 10-12 | 13-15 | 16-18 | 19-21 || total
---------------------------+-------+-------+-------+-------+-------+-------+-------++-------
  Melee: War axe           |   128 |   109 |   152 |   366 |   863 |  1148 |     8 ||  2774
  Throw: Javelin           |       |    26 |    46 |    37 |   187 |   254 |       ||   550
         Boomerang         |       |     4 |    34 |    57 |    63 |       |       ||   158
 Invoke: Heroism           |       |     1 |     9 |    18 |    30 |    52 |       ||   110
         Finesse           |       |       |       |       |    10 |     2 |       ||    12
    Use: Potion            |     1 |     4 |       |     3 |     4 |     6 |       ||    18
         Scroll            |     6 |     3 |     7 |     3 |     7 |     7 |     1 ||    34
   Stab: Invisible         |       |       |       |       |     1 |       |       ||     1
         Petrified         |       |       |       |       |    15 |       |       ||    15
         Petrifying        |       |       |       |       |     6 |       |       ||     6
         Distracted        |       |       |       |       |       |     2 |       ||     2
 Armour: Scale mail        |    31 |       |       |       |       |       |       ||    31
         Chain mail        |    38 |    80 |    59 |    82 |       |   590 |     6 ||   855
         Plate armour      |       |       |       |    92 |   414 |   151 |       ||   657
  Dodge: Dodged            |    49 |    32 |    48 |   111 |   208 |   331 |     1 ||   780
  Block: Buckler           |    26 |    15 |    25 |    64 |   134 |       |       ||   264
         Kite shield       |       |       |       |       |    14 |   560 |       ||   574
         Tower shield      |       |       |       |       |       |   414 |     3 ||   417
         Reflection        |       |       |       |       |       |    39 |       ||    39

Table legend:
 A = Non-vault XP
 B = Vault XP
 C = Vault XP percentage of total XP
 D = Non-vault monster count
 E = Vault monster count
 F = Vault count percentage of total count
                 A         B        C        D         E       F
            +---------+---------+-------+---------+---------+-------
      Total |  212656 |  105797 |  33.2 |     780 |     297 |  27.6
            +---------+---------+-------+---------+---------+-------
        D:1 |      31 |       0 |   0.0 |      17 |       0 |   0.0
        D:2 |       8 |       0 |   0.0 |       7 |       0 |   0.0
        D:3 |      57 |       0 |   0.0 |      14 |       0 |   0.0
        D:4 |     498 |       0 |   0.0 |      36 |       0 |   0.0
        D:5 |     401 |       0 |   0.0 |      11 |       0 |   0.0
        D:6 |    1207 |     434 |  26.4 |      28 |       2 |   6.7
        D:7 |    1130 |       0 |   0.0 |      25 |       0 |   0.0
        D:8 |    1784 |    4872 |  73.2 |      29 |      16 |  35.6
        D:9 |    3074 |    2754 |  47.3 |      19 |      17 |  47.2
       D:10 |    2732 |    1783 |  39.5 |      23 |       4 |  14.8
       D:11 |    6723 |    6241 |  48.1 |      20 |      17 |  45.9
       D:12 |    7511 |    9372 |  55.5 |      27 |      33 |  55.0
       D:13 |    6770 |    6943 |  50.6 |      13 |      12 |  48.0
       D:14 |   10237 |    1543 |  13.1 |      24 |       6 |  20.0
       D:15 |    8436 |    4467 |  34.6 |      23 |       8 |  25.8
     Lair:1 |    7735 |       0 |   0.0 |      38 |       0 |   0.0
     Lair:2 |   14408 |    2864 |  16.6 |      55 |      27 |  32.9
     Lair:3 |    9586 |    2899 |  23.2 |      37 |       6 |  14.0
     Lair:4 |    7122 |     264 |   3.6 |      24 |       8 |  25.0
     Lair:5 |    6147 |   10621 |  63.3 |      26 |      25 |  49.0
    Swamp:1 |    6397 |       0 |   0.0 |      15 |       0 |   0.0
    Swamp:2 |   10076 |    3359 |  25.0 |      19 |       5 |  20.8
    Swamp:3 |   13411 |       0 |   0.0 |      22 |       0 |   0.0
   Spider:1 |   14183 |    4886 |  25.6 |      40 |       4 |   9.1
   Spider:2 |   10767 |       0 |   0.0 |      25 |       0 |   0.0
   Spider:3 |   26131 |       0 |   0.0 |      70 |       0 |   0.0
   Spider:4 |    4993 |   18896 |  79.1 |      10 |      36 |  78.3
      Orc:1 |    3633 |     397 |   9.9 |      20 |       9 |  31.0
      Orc:2 |    1943 |    6541 |  77.1 |      30 |      31 |  50.8
   Vaults:1 |   24487 |   11872 |  32.7 |      31 |      18 |  36.7
   Vaults:2 |    1038 |     816 |  44.0 |       2 |       2 |  50.0
   Gauntlet |       0 |    3973 | 100.0 |       0 |      11 | 100.0
            +---------+---------+-------+---------+---------+-------
